 Dungeon Sprint DCSS version 0.30.1-11-g7821555f0a (webtiles) character file.

Game seed: 15429404844085890457

648 Heoruswealwe the Spear-Bearer (level 7, -16/72 HPs)
             Began as a Minotaur Fighter on Dec 29, 2023.
             Was an Initiate of Gozag.
             Demolished by a two-headed ogre
             ... wielding a +0 giant club
              (27 damage)
             ... in the Dungeon (Sprint IX: "|||||||||||||||||||||||||||||").
             The game lasted 00:02:20 (159 turns).

Heoruswealwe the Spear-Bearer (Minotaur Fighter)     Turns: 159, Time: 00:02:24

Health: -16/72     AC:  1    Str: 26    XL:     7   Next: 27%
Magic:  6/6        EV: 10    Int:  5    God:    Gozag
Gold:   0          SH:  0    Dex:  9    Spells: 6/6 levels left

rFire   . . .        b - +2 halberd (venom)
rCold   . . .        (shield currently unavailable)
rNeg    . . .        c - +1 scale mail
rPois   .            (helmet restricted)
rElec   .            (no cloak)
rCorr   .            (no gloves)
SInv    .            (no boots)
Will    .....        (no amulet) Stlth
                     k - +3 ring of strength
HPRegen 0.32/turn    (no ring)
MPRegen 0.10/turn

%: no teleportation
@: corroded, gold aura
A: horns 2, retaliatory headbutt
a: Renounce Religion, Potion Petition, Call Merchant, Bribe Branch


You were in the Dungeon.
You worshipped Gozag.
Gozag was noncommittal.
You visited 1 branch

Inventory:

Hand Weapons
 a - a +0 trident
 b - a +2 halberd of venom (weapon)
Armour
 c - a +1 scale mail (worn)
 d - a +0 buckler
Jewellery
 k - a +3 ring of strength (left hand)
Wands
 h - a wand of acid (10)
Scrolls
 j - 2 scrolls of blinking
Potions
 f - 3 potions of curing
 g - a potion of haste
 i - a potion of berserk rage
 l - a potion of might


   Skills:
 + Level 10.2 Fighting
 * Level 13.4 Polearms
 + Level 10.2 Armour
 - Level 3.6 Shields


You had 6 spell levels left.
You didn't know any spells.
Your spell library was empty.

Dungeon Overview and Level Annotations

Branches:
Dungeon (1/1)

Altars:
Cheibriados
Dithmenos
Elyvilon
Fedhas
Gozag
Hepliaklqana
Kikubaaqudgha
Makhleb
Nemelex Xobeh
Okawaru
Qazlal
Ru
Sif Muna
Trog
Uskayaw
Vehumet
Wu Jian
Xom
Yredelemnul
Zin
The Shining One
Jiyva
Lugonu


Innate Abilities, Weirdness & Mutations

You have a pair of horns on your head.
You reflexively headbutt those who attack you in melee.


Message History

You headbutt the wight, but do no damage.
You puncture the wight!
You destroy the wight!
Your Fighting skill increases to level 9!
Your Armour skill increases to level 9!
You puncture the gargoyle!
The gargoyle is moderately damaged.
The gargoyle hits you with a +0 mace!
* * * LOW HITPOINT WARNING * * *
You slash the gargoyle!
You headbutt the gargoyle, but do no damage.
The gargoyle is almost destroyed.
The gargoyle closely misses you.
You hit the gargoyle.
You destroy the gargoyle!
Your Fighting skill increases to level 10!
Your Polearms skill gained 2 levels and is now at level 13!
Your Armour skill increases to level 10!
You have reached level 7!
You feel better.
You puncture the two-headed ogre!
The two-headed ogre looks as sick as possible!
The two-headed ogre is moderately wounded.
The two-headed ogre closely misses you. You furiously retaliate!
You headbutt the two-headed ogre, but do no damage.
The two-headed ogre barely misses you.
You hit the two-headed ogre.
The two-headed ogre looks as sick as possible!
The two-headed ogre is moderately wounded.
The two-headed ogre barely misses you. The two-headed ogre misses you.
You barely miss the two-headed ogre.
The two-headed ogre is moderately wounded.
You slash the two-headed ogre!
The two-headed ogre looks as sick as possible!
The two-headed ogre is heavily wounded.
The two-headed ogre hits you with a +0 giant club!
* * * LOW HITPOINT WARNING * * *
The two-headed ogre hits you with a +0 giant spiked club!!
You die...
Your body crumbles into a pile of gold. $$$$$ $ $ $ $$$$$ $$$$$$ $ ▓▓▓▓▓▓▓▓▓▓▓▓▓▓▓▓▓▓▓▓▓▓▓▓ .....yO@.=[[[)?!'_______ ▓▓▓▓▓▓▓▓▓▓▓▓▓▓▓▓▓▓▓▓▓▓▓▓

You could see a two-headed ogre (extremely poisoned) and a killer bee.

Vanquished Creatures
  A gargoyle (D)
  A steam dragon (D)
  An acid dragon (D)
  A wight (D)
  An iguana (D)
  An orc wizard (D)
  A shadow imp (D)
  An ufetubus (D)
  An orc (D)
  A bat (D)
  A goblin (D)
  2 kobolds (D)
  A rat (D)
14 creatures vanquished.

Notes
Turn   | Place    | Note
-------+----------+-------------------------------------------
     0 | D        | Heoruswealwe the Minotaur Fighter began the quest for the
                  | Orb.
     0 | D        | Reached XP level 1. HP: 19/19 MP: 0/0
     8 | D        | Reached skill level 3 in Polearms
    24 | D        | Noticed an orc wizard
    24 | D        | Noticed an iguana
    31 | D        | Killed an iguana
    32 | D        | Reached skill level 5 in Fighting
    32 | D        | Reached skill level 5 in Polearms
    32 | D        | Reached skill level 5 in Armour
    32 | D        | Reached XP level 2. HP: 15/29 MP: 1/1
    32 | D        | Reached XP level 3. HP: 19/36 MP: 2/2
    36 | D        | Reached skill level 6 in Polearms
    40 | D        | Reached skill level 7 in Polearms
    40 | D        | Reached XP level 4. HP: 21/44 MP: 3/3
    46 | D        | Found a snail-covered altar of Cheibriados.
    46 | D        | Found a shadowy altar of Dithmenos.
    46 | D        | Found a white marble altar of Elyvilon.
    46 | D        | Found a blossoming altar of Fedhas.
    46 | D        | Found an opulent altar of Gozag.
    47 | D        | Found a hazy altar of Hepliaklqana.
    48 | D        | Found a viscous altar of Jiyva.
    49 | D        | Found an ancient bone altar of Kikubaaqudgha.
    50 | D        | Found a corrupted altar of Lugonu.
    51 | D        | Found a burning altar of Makhleb.
    52 | D        | Found a sparkling altar of Nemelex Xobeh.
    53 | D        | Found an iron altar of Okawaru.
    54 | D        | Became a worshipper of Gozag Ym Sagoz the Greedy
    55 | D        | Found a stormy altar of Qazlal.
    56 | D        | Found a sacrificial altar of Ru.
    57 | D        | Found a shimmering blue altar of Sif Muna.
    58 | D        | Found a bloodstained altar of Trog.
    59 | D        | Found a hide-covered altar of Uskayaw.
    60 | D        | Found a radiant altar of Vehumet.
    61 | D        | Found an ornate altar of the Wu Jian Council.
    62 | D        | Found a shimmering altar of Xom.
    63 | D        | Found a basalt altar of Yredelemnul.
    64 | D        | Found a glowing silver altar of Zin.
    65 | D        | Found a glowing golden altar of the Shining One.
   135 | D        | Noticed a two-headed ogre
   135 | D        | Noticed a gargoyle
   135 | D        | Noticed a steam dragon
   135 | D        | Noticed an acid dragon
   139 | D        | Killed an acid dragon
   140 | D        | Reached skill level 9 in Polearms
   140 | D        | Reached XP level 5. HP: 44/52 MP: 4/4
   144 | D        | Killed a steam dragon
   145 | D        | Reached skill level 11 in Polearms
   145 | D        | Reached XP level 6. HP: 24/62 MP: 5/5
   154 | D        | Killed a gargoyle
   155 | D        | Reached skill level 10 in Fighting
   155 | D        | Reached skill level 13 in Polearms
   155 | D        | Reached skill level 10 in Armour
   155 | D        | Reached XP level 7. HP: 11/72 MP: 6/6
   159 | D        | Demolished by a two-headed ogre

Illustrated notes

Levels and vault maps discovered:
D:        linesprint [early_d, line_temple, items_1, d_10, items_2, lair_1,
          lair_end, items_3, orc_1, orc_end, items_4, d_15, swamp_1, shoals_1,
          snake_1, spider_1, d_20, vaults_1, items_5, swamp_end, shoals_end,
          snake_end, spider_end, vaults_end, d_27, items_6, zot_1, zot_end,
          crypt_end, forest_end, elf_end, slime_end, tomb_end, abyss_end,
          pan_hell_end]

Skill      XL: |  1  2  3  4  5  6 |
---------------+-------------------+-----
Polearms       | 5 7 9 11 13 | 13.4
Fighting       | 5 7 8 10 | 10.2
Armour         | 5 7 8 10 | 10.2
Shields        | |  3.6

Action                     |  1- 3 |  4- 6 |  7- 9 || total
---------------------------+-------+-------+-------++-------
  Melee: Trident           |    25 |     1 |       ||    26
         Headbutt          |     4 |     3 |       ||     7
         Halberd           |       |    17 |     4 ||    21
    Use: Potion            |     2 |     2 |     1 ||     5
 Armour: Scale mail        |     4 |     1 |       ||     5
  Dodge: Dodged            |     9 |     9 |     4 ||    22
  Block: Buckler           |     5 |       |       ||     5
